 Dungeon Crawl Stone Soup version 0.31.0-11-ge490571c62 (webtiles) character file.

Game seed: 15820454795790948235

30 qw the Shooter (level 3, 0/18 HPs)
             Began as a Spriggan Hunter on Feb 3, 2024.
             Slain by a gnoll
             ... wielding a +0 halberd
              (11 damage)
             ... on level 2 of the Dungeon.
             The game lasted 00:00:03 (1058 turns).

qw the Shooter (Spriggan Hunter)                    Turns: 1058, Time: 00:00:03

Health: 0/18       AC:  2    Str:  7    XL:     3   Next: 3%
Magic:  4/4        EV: 19    Int: 10    God:
Gold:   58         SH:  0    Dex: 20    Spells: 2/2 levels left

rFire   . . .        a - +0 shortbow
rCold   . . .        (shield currently unavailable)
rNeg    . . .        c - +0 robe
rPois   .            (helmet restricted)
rElec   .            (no cloak)
rCorr   .            (gloves unavailable)
SInv    +            (boots unavailable)
Will    .....        (no amulet)
Stlth   ++           (no ring)
HPRegen 0.23/turn    (no ring)
MPRegen 0.09/turn

%: no passive effects
@: very quick
A: very small, no large weapons, unfitting armour, see invisible, speed 3
a: no special abilities


You were on level 2 of the Dungeon.
You visited 1 branch of the dungeon, and saw 2 of its levels.

You collected 58 gold pieces.


Innate Abilities, Weirdness & Mutations

You are very small and have problems with some larger weapons.
You are too small for most types of armour.
You have supernaturally acute eyesight. (SInv)
You cover ground extremely quickly. (Speed+++)


   Skills:
 - Level 1.5 Fighting
 + Level 4.4 Ranged Weapons
 - Level 4.0 Dodging
 - Level 1.5 Stealth


You had 2 spell levels left.
You didn't know any spells.
Your spell library was empty.

Inventory:

Hand Weapons
 a - a +0 shortbow (weapon)
Armour
 c - a +0 robe (worn)
Scrolls
 b - a scroll of identify {unknown}

Dungeon Overview and Level Annotations

Branches:
Dungeon (2/15)

Altars:


Message History

A hobgoblin comes into view.
You shoot an arrow. The arrow hits the hobgoblin.
The hobgoblin shouts!
The hobgoblin is severely wounded.
You shoot an arrow.
The arrow completely misses the hobgoblin.
You shoot an arrow. The arrow closely misses the hobgoblin.
You shoot an arrow. The arrow hits the hobgoblin.
You kill the hobgoblin!
Found a ring mail.
Found a throwing net.
Found a ring mail.
You see here a +0 ring mail.
Found a stone staircase leading down.
b - a scroll labelled UDOYF VOGAS 2 gnolls come into view.
You shoot an arrow.
The arrow hits the gnoll but does no damage.
The gnoll shouts!
A gnoll comes into view. It is wielding a +0 halberd.
Enter note:
Enter note:
1050 ||| RETREEEEATING. 2 gnolls come into view.
1052 ||| RETREEEEATING.
The gnoll shouts!
1054 ||| RETREEEEATING.
You shoot an arrow. The arrow hits the gnoll.
The gnoll is moderately wounded.
You shoot an arrow.
The arrow hits the gnoll but does no damage.
The gnoll is moderately wounded.
The gnoll hits you with a +0 flail!
You shoot an arrow. The arrow barely misses the gnoll.
The gnoll closely misses you.
You shoot an arrow. The arrow barely misses the gnoll.
The gnoll closely misses you.
The gnoll hits you from afar with a +0 halberd!
Ouch! That really hurt!
You die...

#.##.##....#
........#### ..
#.#..#.## g.
#.[....#### g.
.........[#### g#
#...###......# .#
#.........##.# .#
....##....>#.#####g#
##..###.........@g.#
....# #......#######
###.......##.#
####......# ########
# # #


You could see 2 gnolls.

Vanquished Creatures
  2 dart slugs (D:1)
  3 ball pythons (D:1)
  4 bats
  2 endoplasms (D:1)
  2 goblins
  2 hobgoblins
  A quokka (D:1)
  3 frilled lizards (D:1)
  5 kobolds (D:1)
  A rat (D:1)
25 creatures vanquished.

Notes
Turn   | Place    | Note
-------+----------+-------------------------------------------
     0 | D:1      | qw the Spriggan Hunter began the quest for the Orb.
     0 | D:1      | Reached XP level 1. HP: 10/10 MP: 2/2
     0 | D:1      | 0 ||| qw: Version: 0.3-a-155-g5e7d8dd
     0 | D:1      | 0 ||| qw: Game counter: 3416
     0 | D:1      | 0 ||| qw: Melee chars always use a shield: true
     0 | D:1      | 0 ||| qw: God list: Okawaru
     0 | D:1      | 0 ||| qw: Allow faded altars: false
     0 | D:1      | 0 ||| qw: Do Orc after clearing Dungeon:15 true
     0 | D:1      | 0 ||| qw: Do second Lair branch before Depths: true
     0 | D:1      | 0 ||| qw: Lair rune preference: random
     0 | D:1      | 0 ||| qw: Goals: Normal
     0 | D:1      | 0 ||| PLANNING D:1-11
   120 | D:1      | Reached skill level 3 in Dodging
   241 | D:1      | Reached XP level 2. HP: 14/14 MP: 3/3
   874 | D:1      | 874 ||| READING scroll labelled ROPNYC FYDAWE.
   874 | D:1      | 874 ||| ENCHANTING +0 shortbow.
   875 | D:1      | 875 ||| DROPPING scroll of butterflies.
  1011 | D:2      | Reached XP level 3. HP: 18/18 MP: 4/4
  1050 | D:2      | 1050 ||| RETREEEEATING.
  1052 | D:2      | 1052 ||| RETREEEEATING.
  1054 | D:2      | 1054 ||| RETREEEEATING.
  1058 | D:2      | Slain by a gnoll

Levels and vault maps discovered:
D:1:      lightli_arrival_quake, layout_loops_corners, nicolae_titane
D:2:      layout_loops_cross, hellmonk_ecumenical_altar_lost_god,
          minmay_misc_feat_tower, hangedman_abyss_or_decor_lesser_grid

Skill      XL: |  1  2 |
---------------+-------+-----
Dodging        | 3 4 |  4.0
Fighting       | |  1.5
Ranged Weapons | |  4.4
Stealth        | |  1.5

Action                     || total
---------------------------++-------
   Fire: Shortbow          ||    75
    Use: Scroll            ||     1
 Armour: Robe              ||     9
  Dodge: Dodged            ||    28

Table legend:
 A = Non-vault XP
 B = Vault XP
 C = Vault XP percentage of total XP
 D = Non-vault monster count
 E = Vault monster count
 F = Vault count percentage of total count
                 A         B        C        D         E       F
            +---------+---------+-------+---------+---------+-------
      Total |      43 |       0 |   0.0 |      25 |       0 |   0.0
            +---------+---------+-------+---------+---------+-------
        D:1 |      38 |       0 |   0.0 |      22 |       0 |   0.0
        D:2 |       5 |       0 |   0.0 |       3 |       0 |   0.0
            +---------+---------+-------+---------+---------+-------
